| TOP OF THE 1ST |
|
New York Mets batting - Pitching for San Diego Padres : RHP Matt Decker
|
|
Pitching: RHP Matt Decker
|
|
|
Batting: RHB Finn Ross
|
0-0: Ball 1-0: Called Strike 1-1: Fly out, F8 (Line Drive, 8LD, EV 95.6 MPH)
|
|
Batting: LHB Kevin Bellman
|
0-0: Ball 1-0: Ball 2-0: Ball 3-0: Called Strike 3-1: Base on Balls
|
|
Batting: SHB Sean Cook
|
0-0: Called Strike 0-1: Called Strike 0-2: Ball 1-2: Ball 2-2: Ball 3-2: Base on Balls Kevin Bellman to second
|
|
Batting: RHB Jeff Jank
|
0-0: Called Strike 0-1: Swinging Strike 0-2: Ball 1-2: Grounds into double play, 5-4-3 (Groundball, 56, EV 81.2 MPH)
|
| Top of the 1st over - 0 runs, 0 hits, 0 errors, 1 left on base; New York 0 - San Diego 0 |
| BOTTOM OF THE 1ST |
|
San Diego Padres batting - Pitching for New York Mets : RHP Apostolos Tsatsos
|
|
Pitching: RHP Apostolos Tsatsos
|
|
|
Batting: RHB Hildo Pot
|
0-0: Ball 1-0: Swinging Strike 1-1: Ball 2-1: Foul Ball, location: 2F 2-2: Fly out, F4 (Line Drive, 4, EV 70.6 MPH)
|
|
Batting: RHB Eisse Bravenboer
|
0-0: Called Strike 0-1: Ball 1-1: Called Strike 1-2: SINGLE (Line Drive, 78S, EV 105.6 MPH)
|
|
Batting: LHB Mike Holt
|
0-0: Ball 1-0: Swinging Strike 1-1: Ball 2-1: Swinging Strike 2-2: Foul Ball, location: 2F 2-2: Foul Ball, location: 2F 2-2: Ball 3-2: Base on Balls Eisse Bravenboer to second
|
|
Batting: RHB Hugo Bautista
|
0-0: Called Strike 0-1: Foul Ball, location: 2F 0-2: Ball 1-2: Fly out, F7 (Flyball, 7D, EV 108.8 MPH) Runner from 2nd tags up, SAFE at 3rd, no throw by LF
|
|
Batting: RHB Kaeo Zirpoli
|
0-0: Ball 1-0: Ball 2-0: Ball 3-0: Called Strike 3-1: Base on Balls Mike Holt to second
|
|
Batting: RHB Elijah Campbell
|
0-0: Swinging Strike 0-1: Called Strike 0-2: Fielders Choice at 2nd, 6-4 (Groundball, 6, EV 106.2 MPH)
|
| Bottom of the 1st over - 0 runs, 1 hit, 0 errors, 3 left on base; New York 0 - San Diego 0 |
| TOP OF THE 2ND |
|
New York Mets batting - Pitching for San Diego Padres : RHP Matt Decker
|
|
Batting: SHB Roberto Magne
|
0-0: DOUBLE (Groundball, 3L, EV 106.9 MPH)
|
|
Batting: SHB Nelle van den Berg
|
0-0: Called Strike 0-1: Ball 1-1: SINGLE (Line Drive, 34, EV 102.5 MPH) Roberto Magne to third
|
|
Batting: SHB Javy Rosa
|
0-0: SINGLE (Groundball, 34D, EV 95.0 MPH) Roberto Magne scores Nelle van den Berg to second Runner from 2nd tries for 3rd, SAFE, throw by RF made to third
|
|
Batting: RHB Billy Walker
|
0-0: Fielders Choice at 2nd, 6-4 (Groundball, 6, EV 89.4 MPH) Nelle van den Berg scores
|
|
Batting: RHB Mike Phillips
|
0-0: Called Strike 0-1: Ball 1-1: Called Strike 1-2: Ball Billy Walker is caught stealing 2nd base 2-4 2-2: Fly out, F9 (Flyball, 9, EV 83.1 MPH)
|
| Top of the 2nd over - 2 runs, 3 hits, 0 errors, 0 left on base; New York 2 - San Diego 0 |
| BOTTOM OF THE 2ND |
|
San Diego Padres batting - Pitching for New York Mets : RHP Apostolos Tsatsos
|
|
Batting: SHB Adam Martin
|
0-0: Called Strike 0-1: Ball 1-1: Foul Ball, location: 2F 1-2: Hit by Pitch
|
|
Batting: LHB Hugo MacBeth
|
0-0: Ball 1-0: SINGLE (Groundball, 34D, EV 98.1 MPH) (infield hit) Adam Martin to second
|
|
Batting: RHB Rodolfo Rivera
|
0-0: Ball 1-0: Ball 2-0: Ball 3-0: Called Strike 3-1: Foul Ball, location: 2F 3-2: Foul Ball, location: 2F 3-2: Strikes out swinging
|
|
Batting: RHB Hildo Pot
|
0-0: Ball 1-0: Ball 2-0: Called Strike 2-1: Ball Balk! Adam Martin to third Hugo MacBeth to second 3-1: Base on Balls
|
|
Batting: RHB Eisse Bravenboer
|
0-0: Ball 1-0: Ball 2-0: Ball 3-0: Called Strike 3-1: Foul Ball, location: 2F 3-2: Grounds into double play, 4-6-3 (Groundball, 4, EV 80.6 MPH)
|
| Bottom of the 2nd over - 0 runs, 1 hit, 0 errors, 2 left on base; New York 2 - San Diego 0 |
| TOP OF THE 3RD |
|
New York Mets batting - Pitching for San Diego Padres : RHP Matt Decker
|
|
Batting: RHB Finn Ross
|
0-0: Ground out 4-3 (Groundball, 4M, EV 105.6 MPH)
|
|
Batting: LHB Kevin Bellman
|
0-0: Ball 1-0: SINGLE (Line Drive, 9S, EV 90.0 MPH)
|
|
Batting: SHB Sean Cook
|
0-0: Ball 1-0: Called Strike 1-1: Ball 2-1: Ball 3-1: Foul Ball, location: 2F 3-2: Base on Balls Kevin Bellman to second
|
|
Batting: RHB Jeff Jank
|
0-0: Ball 1-0: Foul Ball, location: 2F 1-1: Called Strike 1-2: Fly out, F6 (Line Drive, 6, EV 67.5 MPH)
|
|
Batting: SHB Roberto Magne
|
0-0: Swinging Strike 0-1: Ball 1-1: Foul Ball, location: 2F 1-2: 3-RUN HOME RUN (Flyball, 89XD, EV 103.8 MPH), Distance : 406 ft
|
|
Batting: SHB Nelle van den Berg
|
0-0: Ball 1-0: Called Strike 1-1: Foul Ball, location: 2F 1-2: Strikes out swinging
|
| Top of the 3rd over - 3 runs, 2 hits, 0 errors, 0 left on base; New York 5 - San Diego 0 |
| BOTTOM OF THE 3RD |
|
San Diego Padres batting - Pitching for New York Mets : RHP Apostolos Tsatsos
|
|
Batting: LHB Mike Holt
|
0-0: Called Strike 0-1: Ball 1-1: Ball 2-1: Swinging Strike 2-2: Fly out, F8 (Flyball, 8RM, EV 96.2 MPH)
|
|
Batting: RHB Hugo Bautista
|
0-0: Foul Ball, location: 2F 0-1: Ball 1-1: Foul Ball, location: 2F 1-2: Foul Ball, location: 2F 1-2: Fly out, F9 (Flyball, 9LS, EV 93.1 MPH)
|
|
Batting: RHB Kaeo Zirpoli
|
0-0: Ball 1-0: Ground out 4-3 (Groundball, 4, EV 107.5 MPH)
|
| Bottom of the 3rd over - 0 runs, 0 hits, 0 errors, 0 left on base; New York 5 - San Diego 0 |
| TOP OF THE 4TH |
|
New York Mets batting - Pitching for San Diego Padres : RHP Matt Decker
|
|
Batting: SHB Javy Rosa
|
0-0: Swinging Strike 0-1: Foul Ball, location: 2F 0-2: Strikes out swinging
|
|
Batting: RHB Billy Walker
|
0-0: Foul Ball, location: 2F 0-1: Foul Ball, location: 2F 0-2: Ground out 5-3 (Groundball, 5L, EV 101.9 MPH)
|
|
Batting: RHB Mike Phillips
|
0-0: Foul Ball, location: 2F 0-1: Ball 1-1: Ground out 4-3 (Groundball, 4S, EV 88.1 MPH)
|
| Top of the 4th over - 0 runs, 0 hits, 0 errors, 0 left on base; New York 5 - San Diego 0 |
| BOTTOM OF THE 4TH |
|
San Diego Padres batting - Pitching for New York Mets : RHP Apostolos Tsatsos
|
|
Batting: RHB Elijah Campbell
|
0-0: Foul Ball, location: 2F 0-1: Ball 1-1: Swinging Strike 1-2: Ball 2-2: Ground out 6-3 (Groundball, 6, EV 84.4 MPH)
|
|
Batting: SHB Adam Martin
|
0-0: Called Strike 0-1: Called Strike 0-2: Ball 1-2: Foul Ball, location: 2F 1-2: Strikes out swinging
|
|
Batting: LHB Hugo MacBeth
|
0-0: Called Strike 0-1: Ball 1-1: SINGLE (Groundball, 34S, EV 85.6 MPH) (infield hit)
|
|
Batting: RHB Rodolfo Rivera
|
0-0: Called Strike 0-1: Ball 1-1: Ball 2-1: Reached on error, E3 (Groundball, 34, EV 82.5 MPH) Hugo MacBeth to second
|
|
Batting: RHB Hildo Pot
|
0-0: Fly out, F6 (Flyball, 6D, EV 88.1 MPH)
|
| Bottom of the 4th over - 0 runs, 1 hit, 1 error, 2 left on base; New York 5 - San Diego 0 |
| TOP OF THE 5TH |
|
New York Mets batting - Pitching for San Diego Padres : RHP Matt Decker
|
|
Batting: RHB Finn Ross
|
0-0: Ball 1-0: Ball 2-0: Ball 3-0: Base on Balls
|
|
Pitching: RHP Raul Almonte
|
|
|
Batting: LHB Kevin Bellman
|
0-0: Foul Ball, location: 2F 0-1: Called Strike 0-2: Foul Ball, location: 2F 0-2: Strikes out swinging
|
|
Batting: SHB Sean Cook
|
0-0: Ball 1-0: Swinging Strike 1-1: Foul Ball, location: 2F 1-2: Ball 2-2: SINGLE (Groundball, 6S, EV 70.6 MPH) (infield hit) Finn Ross to second
|
|
Batting: RHB Jeff Jank
|
0-0: Called Strike Finn Ross is caught stealing 3rd base 2-5 Sean Cook to second 0-1: SINGLE (Flyball, 8RS, EV 84.4 MPH) Sean Cook to third Runner from 3rd tries for Home, SAFE, throw by CF to home
|
|
Batting: SHB Roberto Magne
|
0-0: Ground out 4-3 (Groundball, 34S, EV 82.5 MPH)
|
| Top of the 5th over - 1 run, 2 hits, 0 errors, 1 left on base; New York 6 - San Diego 0 |
| BOTTOM OF THE 5TH |
|
San Diego Padres batting - Pitching for New York Mets : RHP Apostolos Tsatsos
|
|
Batting: RHB Eisse Bravenboer
|
0-0: Called Strike 0-1: Foul Ball, location: 2F 0-2: Ball 1-2: Ground out 4-3 (Groundball, 4, EV 103.1 MPH)
|
|
Batting: LHB Mike Holt
|
0-0: Ball 1-0: Foul Ball, location: 2F 1-1: Ball 2-1: Called Strike 2-2: Fly out, F1 (Popup, P, EV 77.5 MPH)
|
|
Batting: RHB Hugo Bautista
|
0-0: Called Strike 0-1: Ball 1-1: Ball 2-1: Foul Ball, location: 2F 2-2: Ground out 3-1 (Groundball, 3D, EV 105.0 MPH)
|
| Bottom of the 5th over - 0 runs, 0 hits, 0 errors, 0 left on base; New York 6 - San Diego 0 |
| TOP OF THE 6TH |
|
New York Mets batting - Pitching for San Diego Padres : RHP Raul Almonte
|
|
Batting: SHB Nelle van den Berg
|
0-0: Ball 1-0: Fly out, F4 (Popup, 4MD, EV 50.6 MPH)
|
|
Batting: SHB Javy Rosa
|
0-0: Ball 1-0: Foul Ball, location: 2F 1-1: SINGLE (Groundball, 34D, EV 103.8 MPH)
|
|
Batting: RHB Billy Walker
|
0-0: Called Strike 0-1: Called Strike 0-2: Strikes out swinging
|
|
Batting: RHB Mike Phillips
|
0-0: Ball 1-0: Called Strike 1-1: Ball 2-1: Called Strike 2-2: SINGLE (Line Drive, 4D, EV 96.9 MPH) Javy Rosa to second Runner from 2nd tries for 3rd, OUT! 8-5
|
| Top of the 6th over - 0 runs, 2 hits, 0 errors, 1 left on base; New York 6 - San Diego 0 |
| BOTTOM OF THE 6TH |
|
San Diego Padres batting - Pitching for New York Mets : RHP Apostolos Tsatsos
|
|
Batting: RHB Kaeo Zirpoli
|
0-0: Ball 1-0: Called Strike 1-1: SINGLE (Groundball, 6MD, EV 97.5 MPH)
|
|
Batting: RHB Elijah Campbell
|
0-0: Ball 1-0: Ball 2-0: Foul Ball, location: 2F 2-1: Fly out, F9 (Line Drive, 9S, EV 87.5 MPH)
|
|
Pitching: RHP Hugo Valentin
|
|
|
Batting: SHB Adam Martin
|
0-0: Called Strike 0-1: Foul Ball, location: 2F 0-2: Ball 1-2: Fielders Choice at 2nd, 3-6 (Groundball, 3, EV 88.1 MPH)
|
|
Batting: LHB Hugo MacBeth
|
0-0: Ball 1-0: Foul Ball, location: 2F 1-1: Fly out, F8 (Flyball, 8RM, EV 98.8 MPH)
|
| Bottom of the 6th over - 0 runs, 1 hit, 0 errors, 1 left on base; New York 6 - San Diego 0 |
| TOP OF THE 7TH |
|
New York Mets batting - Pitching for San Diego Padres : RHP Raul Almonte
|
|
Batting: RHB Finn Ross
|
0-0: Ball 1-0: Called Strike 1-1: Called Strike 1-2: Ball 2-2: Foul Ball, location: 2F 2-2: DOUBLE (Line Drive, 8LXD, EV 101.2 MPH)
|
|
Batting: LHB Kevin Bellman
|
0-0: Called Strike 0-1: Called Strike 0-2: Foul Ball, location: 2F 0-2: 2-RUN HOME RUN (Flyball, 89XD, EV 100.0 MPH), Distance : 404 ft
|
|
Batting: SHB Sean Cook
|
0-0: SINGLE (Groundball, 4M, EV 83.1 MPH) (infield hit)
|
|
Batting: RHB Jeff Jank
|
0-0: Foul Ball, location: 2F 0-1: SINGLE (Groundball, 34, EV 100.6 MPH) Sean Cook to second Runner from 2nd tries for 3rd, SAFE, throw by RF made at trailing runner, OUT! 9-6
|
|
Batting: SHB Roberto Magne
|
0-0: SINGLE (Flyball, 5D, EV 83.1 MPH) Sean Cook scores
|
|
Batting: SHB Nelle van den Berg
|
0-0: Ball 1-0: Fly out, F8 (Line Drive, 8LM, EV 98.1 MPH)
|
|
Batting: SHB Javy Rosa
|
0-0: Called Strike 0-1: Fly out, F9 (Line Drive, 9S, EV 93.8 MPH)
|
| Top of the 7th over - 3 runs, 5 hits, 0 errors, 1 left on base; New York 9 - San Diego 0 |
| BOTTOM OF THE 7TH |
|
San Diego Padres batting - Pitching for New York Mets : RHP Hugo Valentin
|
|
Batting: RHB Rodolfo Rivera
|
0-0: Called Strike 0-1: Ball 1-1: Ball 2-1: Ground out 6-3 (Groundball, 6, EV 81.2 MPH)
|
|
Pinch Hitting: RHB Jose Morrissey
|
0-0: Ball 1-0: Ball 2-0: Ball 3-0: Called Strike 3-1: SINGLE (Flyball, 78S, EV 93.1 MPH)
|
|
Batting: RHB Eisse Bravenboer
|
0-0: Ball 1-0: Ball 2-0: Foul Ball, location: 2F 2-1: Ball 3-1: Base on Balls Jose Morrissey to second
|
|
Batting: LHB Mike Holt
|
0-0: Ball 1-0: Foul Ball, location: 2F 1-1: Foul Ball, location: 2F 1-2: Ball 2-2: Fly out, F4 (Line Drive, 4, EV 73.1 MPH)
|
|
Pinch Hitting: RHB Wally Cangro
|
0-0: Called Strike 0-1: Ground out 4-3 (Groundball, 34, EV 84.4 MPH)
|
| Bottom of the 7th over - 0 runs, 1 hit, 0 errors, 2 left on base; New York 9 - San Diego 0 |
| TOP OF THE 8TH |
|
New York Mets batting - Pitching for San Diego Padres : RHP Raul Almonte
|
|
Now at 2B: Adam Martin
|
|
|
Now at 3B: Jose Morrissey
|
|
|
Now in LF: Wally Cangro
|
|
|
Batting: RHB Billy Walker
|
0-0: Ball 1-0: Foul Ball, location: 2F 1-1: Ball 2-1: Ball 3-1: Foul Ball, location: 2F 3-2: Strikes out swinging
|
|
Batting: RHB Mike Phillips
|
0-0: Ball 1-0: Called Strike 1-1: Ball 2-1: Ball 3-1: Called Strike 3-2: Ground out 6-3 (Groundball, 6, EV 102.5 MPH)
|
|
Pinch Hitting: RHB Antonio Aranda
|
0-0: Called Strike 0-1: Ball 1-1: Swinging Strike 1-2: Ball 2-2: Foul Ball, location: 2F 2-2: SINGLE (Line Drive, 34, EV 94.4 MPH)
|
|
Pitching: RHP Nate Mull
|
|
|
Batting: LHB Kevin Bellman
|
0-0: Ball 1-0: Ground out 1-3 (Groundball, 13S, EV 71.2 MPH)
|
| Top of the 8th over - 0 runs, 1 hit, 0 errors, 1 left on base; New York 9 - San Diego 0 |
| BOTTOM OF THE 8TH |
|
San Diego Padres batting - Pitching for New York Mets : RHP Hugo Valentin
|
|
Now in CF: Antonio Aranda
|
|
|
Batting: RHB Kaeo Zirpoli
|
0-0: Called Strike 0-1: Ball 1-1: Ball 2-1: Swinging Strike 2-2: Ball 3-2: DOUBLE (Line Drive, 7LS, EV 106.2 MPH)
|
|
Batting: RHB Elijah Campbell
|
0-0: Foul Ball, location: 2F 0-1: Ball 1-1: Called Strike 1-2: Strikes out swinging
|
|
Batting: SHB Adam Martin
|
0-0: Called Strike 0-1: Ball 1-1: Foul Ball, location: 2F 1-2: Hit by Pitch
|
|
Pitching: LHP Chris Thurner
|
|
|
Batting: LHB Hugo MacBeth
|
0-0: Ball 1-0: Foul Ball, location: 2F 1-1: Ball 2-1: Foul Ball, location: 2F 2-2: Strikes out looking
|
|
Batting: RHB Rodolfo Rivera
|
0-0: Foul Ball, location: 2F 0-1: Called Strike 0-2: Foul Ball, location: 2F 0-2: Strikes out swinging
|
| Bottom of the 8th over - 0 runs, 1 hit, 0 errors, 2 left on base; New York 9 - San Diego 0 |
| TOP OF THE 9TH |
|
New York Mets batting - Pitching for San Diego Padres : RHP Nate Mull
|
|
Batting: SHB Sean Cook
|
0-0: Ball 1-0: Foul Ball, location: 2F 1-1: Ball 2-1: Foul Ball, location: 2F 2-2: Foul Ball, location: 2F 2-2: Foul Ball, location: 2F 2-2: Foul Ball, location: 2F 2-2: SINGLE (Groundball, 34S, EV 67.5 MPH) (infield hit)
|
|
Batting: RHB Jeff Jank
|
0-0: Ball 1-0: Called Strike 1-1: Swinging Strike 1-2: Ball 2-2: Strikes out swinging
|
|
Batting: SHB Roberto Magne
|
0-0: Called Strike 0-1: Ball 1-1: Ball 2-1: Foul Ball, location: 2F 2-2: Fly out, F6 (Flyball, 56D, EV 90.6 MPH)
|
|
Batting: SHB Nelle van den Berg
|
0-0: Ball 1-0: Foul Ball, location: 2F 1-1: Foul Ball, location: 2F 1-2: Ball 2-2: Ball Passed Ball! Sean Cook to second 3-2: Foul Ball, location: 2F 3-2: SINGLE (Flyball, 8LS, EV 91.9 MPH) Sean Cook to third Runner from 3rd tries for Home, SAFE, throw by CF to home
|
|
Batting: SHB Javy Rosa
|
0-0: Called Strike 0-1: Called Strike 0-2: Ball 1-2: Strikes out swinging
|
| Top of the 9th over - 1 run, 2 hits, 0 errors, 1 left on base; New York 10 - San Diego 0 |
| BOTTOM OF THE 9TH |
|
San Diego Padres batting - Pitching for New York Mets : LHP Chris Thurner
|
|
Batting: RHB Jose Morrissey
|
0-0: Called Strike 0-1: Ground out 6-3 (Groundball, 6, EV 85.6 MPH)
|
|
Batting: RHB Eisse Bravenboer
|
0-0: Ball 1-0: Ball 2-0: Called Strike 2-1: Fly out, F8 (Flyball, 8RD, EV 78.1 MPH)
|
|
Batting: LHB Mike Holt
|
0-0: Called Strike 0-1: Ball 1-1: Ground out 4-3 (Groundball, 4M, EV 78.1 MPH)
|
| Bottom of the 9th over - 0 runs, 0 hits, 0 errors, 0 left on base; New York 10 - San Diego 0 |
|